 Dungeon Crawl Stone Soup version 0.29.1-4-g47bece8355 (webtiles) character file.

Game seed: 17148688310864632058

287 Jotpek the Covered (level 6, -1/53 HPs)
             Began as a Minotaur Fighter on Dec 11, 2022.
             Succumbed to a killer bee's poison
             ... on level 7 of the Dungeon.
             The game lasted 00:07:29 (3001 turns).

Jotpek the Covered (Minotaur Fighter)               Turns: 3001, Time: 00:07:31

Health: -1/53      AC:  7    Str: 22    XL:     6   Next: 8%
Magic:  5/5        EV: 10    Int:  5    God:
Gold:   174        SH:  4    Dex: 10    Spells: 5/5 levels left

rFire   . . .      SeeInvis .   a - +0 flail
rCold   . . .      Faith    .   c - +0 buckler
rNeg    . . .      Spirit   .   b - +0 scale mail
rPois   .          Reflect  .   (helmet restricted)
rElec   .          Harm     .   (no cloak)
rCorr   .          Rampage  .   (no gloves)
Will    .....                   (no boots)
Stlth   ..........              (no amulet)
HPRegen 0.17/turn               (no ring)
MPRegen 0.09/turn               (no ring)

@: lethally poisoned (-1 -> -29)
A: horns 2, retaliatory headbutt
a: no special abilities


You were on level 7 of the Dungeon.
You visited 1 branch of the dungeon, and saw 6 of its levels.

You collected 174 gold pieces.

Inventory:

Hand Weapons
 a - a +0 flail (weapon)
 r - a +0 club
Armour
 b - a +0 scale mail (worn)
 c - a +0 buckler (worn)
 k - a +0 pair of gloves
Jewellery
 s - a ring of positive energy
 v - a ring of see invisible
 w - a +4 ring of protection
Scrolls
 f - 5 scrolls of teleportation {unknown}
 g - 2 scrolls of torment {unknown}
 h - a scroll of poison {unknown}
 i - 2 scrolls of butterflies {unknown}
 j - 6 scrolls of identify {unknown}
 l - a scroll of brand weapon {unknown}
 n - 2 scrolls of blinking {unknown}
 p - a scroll of silence {unknown}
 x - a scroll of summoning {unknown}
Potions
 d - 2 potions of might
 e - 2 potions of brilliance {unknown}
 m - 2 potions of curing {unknown}
 o - a potion of invisibility {unknown}
 q - a potion of degeneration {unknown}
 t - a potion of mutation {unknown}
 u - a potion of flight {unknown}
 z - a potion of lignification {unknown}
 A - a potion of heal wounds {unknown}


   Skills:
 + Level 4.7 Fighting
 + Level 4.5 Maces & Flails
 + Level 5.4 Armour
 + Level 2.0 Dodging
 + Level 0.3 Stealth
 + Level 4.3 Shields


You had 5 spell levels left.
You didn't know any spells.
Your spell library contained the following spells:

 Spells                   Type           Power      Damage    Failure   Level
 Conjure Flame            Conj/Fire      0%         6-21      99%         3
 Ignite Poison            Fire/Tmut/Pois 0%         N/A       99%         3
 Sticky Flame             Conj/Fire      0%         2d3       100%        4


Dungeon Overview and Level Annotations

Branches:
Dungeon (8/15)
 Temple: D:4-7         Lair: D:8-11

Altars:
Gozag
Uskayaw

Shops:
D:3 **


Innate Abilities, Weirdness & Mutations

You have a pair of horns on your head.
You reflexively headbutt those who attack you in melee.


Message History

You are poisoned.
The killer bee poisons you! The killer bee closely misses you.
Your Dodging skill increases to level 2!
You have reached level 6!
The killer bee attacks as you move away!
The killer bee stings you.
You are more poisoned.
The killer bee poisons you!
You feel very sick. You block the killer bee's attack.
A killer bee comes into view.
The killer bee stings you but does no damage.
You block the killer bee's attack.
The killer bee stings you but does no damage.
The killer bee attacks as you move away!
The killer bee closely misses you. You furiously retaliate!
You headbutt the killer bee!
You feel very sick.
The killer bee stings you but does no damage.
The killer bee closely misses you. You furiously retaliate!
You headbutt the killer bee.
The killer bee stings you but does no damage.
The killer bee stings you.
* * * LOW HITPOINT WARNING * * *
You are lethally poisoned!
The killer bee poisons you!
There is a stone staircase leading up here.
* * * LOW HITPOINT WARNING * * *
You feel very sick. The killer bee completely misses you.
You block the killer bee's attack. The killer bee stings you.
* * * LOW HITPOINT WARNING * * *
You block the killer bee's attack. The killer bee completely misses you.
The killer bee stings you.
* * * LOW HITPOINT WARNING * * *
You are more poisoned.
The killer bee poisons you! The killer bee stings you.
* * * LOW HITPOINT WARNING * * *
You climb upwards.
You die...

#.# .# #
#.# . ..
#.# .# #..
#.# .
#..###.#.#
....#.#.#
#.yyy.#
#..@y.#
#.###.# #
#


You could see 4 killer bees.

Vanquished Creatures
  A black bear (D:8)
  An ice beast (D:3)
  4 adders
  A worm (D:3)
  2 dart slugs (D:1)
  An orc (D:3)
  3 ball pythons
  4 endoplasms
  2 giant cockroaches
  6 goblins
  3 hobgoblins
  4 jackals (D:2)
  13 kobolds
  3 quokkas
  3 bats
  A frilled lizard (D:1)
  3 rats (D:1)
55 creatures vanquished.

Notes
Turn   | Place    | Note
-------+----------+-------------------------------------------
     0 | D:1      | Jotpek the Minotaur Fighter began the quest for the Orb.
     0 | D:1      | Reached XP level 1. HP: 19/19 MP: 0/0
    95 | D:1      | Found a faded altar of an unknown god.
   367 | D:1      | Reached XP level 2. HP: 27/27 MP: 1/1
   418 | D:1      | Reached skill level 4 in Armour
  1029 | D:2      | Found a hide-covered altar of Uskayaw.
  1057 | D:2      | Reached XP level 3. HP: 27/33 MP: 2/2
  1986 | D:3      | Found Hused's General Store.
  1994 | D:3      | Found Gozag's Platinum Reserve.
  1997 | D:3      | Reached XP level 4. HP: 41/41 MP: 3/3
  2011 | D:3      | Found an opulent altar of Gozag.
  2725 | D:3      | Noticed an ice beast
  2736 | D:3      | Killed an ice beast
  2737 | D:3      | Reached skill level 5 in Armour
  2737 | D:3      | Reached skill level 1 in Dodging
  2737 | D:3      | Reached XP level 5. HP: 38/47 MP: 4/4
  2981 | D:4      | You fall into a shaft and drop 3 floors!
  2987 | D:8      | Noticed a water moccasin
  2987 | D:8      | Noticed a black bear
  2997 | D:8      | Killed a black bear
  2998 | D:8      | Reached XP level 6. HP: 23/53 MP: 5/5
  3001 | D:7      | Succumbed to a killer bee's poison

Illustrated notes

Levels and vault maps discovered:
D:1:      amcnicky_arrival_wind_blow, layout_loops_cross,
          dreamdust_ecumenical_altar_statues, chequers_serial_rivers_micro_b,
          minmay_nonomino_d4
D:2:      layout_loops_cross, basic_altar, nrook_campfire,
          minmay_goblin_kobold_house
D:3:      minmay_inner_zag, layout_basic, nicolae_gozag_zags_fifth_avenue,
          serial_shops, shop
D:4:      minmay_general_purpose_star, layout_cave_pools,
          mainiacjoe_overflow_boulevard, chequers_ossuary_entry_cave,
          serial_shops, nicolae_square_shop, minmay_misc_feat_rugged,
          st_stairs_6
D:7:      old_forge, layout_basic, xom_shifter_show
D:8:      layout_rooms, nicolae_qazlal_eye_of_the_storm, ashenzari_altar_1,
          grunt_temple_overflow_open, uniq_erica

Skill      XL: |  1  2  3  4  5 |
---------------+----------------+-----
Armour         | 4 5 |  5.4
Shields        | 4 |  4.3
Fighting       | 4 |  4.7
Maces & Flails | 3 4 |  4.5
Dodging        | 1 2 |  2.0
Stealth        | |  0.3

Action                   |  1- 3 |  4- 6 || total
-------------------------+-------+-------++-------
Melee: Flail             |    99 |    44 ||   143
       Headbutt          |     9 |     7 ||    16
Armor: Scale mail        |    55 |    25 ||    80
Dodge: Dodged            |    48 |    34 ||    82
Block: Buckler           |    20 |    15 ||    35
